 Dungeon Crawl Stone Soup version 0.30-a0-726-gd89dcf765f (webtiles) character file.

Game seed: 15621942268796769037

3541 HoaS the Skirmisher (level 10, -9/53 HPs)
             Began as a Gargoyle Hunter on Jan 29, 2023.
             Mangled by a two-headed ogre
             ... wielding a +0 giant club
              (23 damage)
             ... on level 8 of the Dungeon.
             The game lasted 00:16:42 (9243 turns).

HoaS the Skirmisher (Gargoyle Hunter)               Turns: 9243, Time: 00:16:43

Health: -9/53      AC: 18    Str: 14    XL:     10   Next: 8%
Magic:  10/10      EV: 11    Int: 11    God:
Gold:   187        SH:  5    Dex: 17    Spells: 9/9 levels left

rFire   . . .      SeeInvis .    w - +1 longbow
rCold   . . .      Faith    .    (shield currently unavailable)
rNeg    + + .      Spirit   .    q - +3 leather armour "Tudd" {rPois}
rPois   ∞          Reflect  +    v - +2 helmet
rElec   +          Harm     .    o - +1 cloak
rCorr   .          Rampage  .    (no gloves)
Will    .....                    (no boots)
Stlth   ++                       r - amulet of reflection
HPRegen 0.28/turn                p - ring of positive energy
MPRegen 0.12/turn                (no ring)

@: hasted, very quick
A: sickness immunity, AC +7, negative energy resistance 1, electricity
resistance, torment resistance 1, petrification resistance
a: no special abilities


You were on level 8 of the Dungeon.
You visited 2 branches of the dungeon, and saw 9 of its levels.

You collected 252 gold pieces.
You spent 65 gold pieces at shops.

Inventory:

Hand Weapons
 w - a +1 longbow (weapon)
Missiles
 y - a throwing net
Armour
 o - a +1 cloak (worn)
 q - the +3 leather armour "Tudd" (worn) {rPois}
   (You found it on level 3 of the Dungeon)

   rPois:     It protects you from poison.
 v - a +2 helmet (worn)
Jewellery
 m - a ring of wizardry
 p - a ring of positive energy (left hand)
 r - an amulet of reflection (around neck)
Wands
 h - a wand of flame (25)
 t - a wand of mindburst (19)
 u - a wand of roots (21)
 x - a wand of charming (10)
Scrolls
 b - 2 scrolls of immolation
 f - 2 scrolls of blinking
 l - 2 scrolls of teleportation
Potions
 a - a potion of flight {unknown}
 c - 2 potions of curing
 d - 3 potions of heal wounds
 e - 3 potions of attraction
 g - a potion of resistance {unknown}
 i - 2 potions of lignification {unknown}
 j - a potion of berserk rage {unknown}
 k - 3 potions of haste
 n - 3 potions of mutation
 s - a potion of degeneration {unknown}
 A - a potion of brilliance {unknown}


   Skills:
 - Level 2.1 Fighting
 + Level 14.4 Ranged Weapons
 - Level 1.5 Dodging
 - Level 1.1 Stealth


You had 9 spell levels left.
You didn't know any spells.
Your spell library contained the following spells:

 Spells                   Type           Power      Damage    Failure   Level
 Kiss of Death            Conj/Necr      0%         2d5       41%         1
 Ensorcelled Hibernation  Hex/Ice        0%         N/A       56%         2
 Passwall                 Tmut/Erth      0%         N/A       56%         2
 Confusing Touch          Hex            0%         N/A       80%         3
 Swiftness                Air            0%         N/A       80%         3
 Dispel Undead            Necr           0%         3d6       99%         4


Dungeon Overview and Level Annotations

Branches:
Dungeon (8/15)             Temple (1/1) D:5
   Lair: D:8-11

Altars:
Ashenzari
Cheibriados
Dithmenos
Elyvilon
Fedhas
Hepliaklqana
Kikubaaqudgha
Makhleb
Nemelex Xobeh
Okawaru
Qazlal
Ru
Sif Muna
Trog
Uskayaw
Vehumet
Wu Jian
Xom
Yredelemnul
The Shining One

Shops:
D:3 [   D:4 *   D:7 (


Innate Abilities, Weirdness & Mutations

You are immune to sickness and miasma.
Your stone body is resilient. (AC +7)
You are immune to poison.
You resist negative energy. (rN+)
You are resistant to electric shocks. (rElec)
You are resistant to unholy torment.
You are immune to petrification.


Message History

You shoot an arrow. The arrow hits the steam dragon!
The steam dragon is heavily wounded.
You shoot an arrow. The arrow hits the steam dragon!
The steam dragon is almost dead.
You hear two shouts!
You shoot an arrow.
The arrow closely misses the steam dragon.
The steam dragon breathes steam at you. The ball of steam hits you!
You hear a shout!
You shoot an arrow.
The arrow hits the two-headed ogre but does no damage.
You are engulfed in a cloud of scalding steam.
You shoot an arrow. The arrow hits the two-headed ogre!!
The two-headed ogre is moderately wounded.
You are engulfed in a cloud of scalding steam.
You shoot an arrow.
The arrow barely misses the two-headed ogre.
You are engulfed in a cloud of scalding steam.
The two-headed ogre hits you but does no damage.
The two-headed ogre hits you with a +0 dire flail.
You shoot an arrow. The arrow hits the steam dragon!
You kill the steam dragon!
You are engulfed in a cloud of scalding steam.
You feel yourself speed up.
The two-headed ogre hits you with a +0 giant club.
The two-headed ogre hits you with a +0 dire flail.
You shoot an arrow.
The arrow barely misses the two-headed ogre.
You shoot an arrow. The arrow hits the two-headed ogre!
The two-headed ogre is heavily wounded.
You block the two-headed ogre's attack.
The two-headed ogre hits you with a +0 dire flail!
You shoot an arrow. The arrow hits the two-headed ogre.
The two-headed ogre is heavily wounded.
You shoot an arrow.
The arrow hits the two-headed ogre but does no damage.
The two-headed ogre is heavily wounded.
The two-headed ogre hits you with a +0 giant club!!
You die...

...###...##............# ##...#.
.....##..##......####..# ..##.
.#....#..#......## #.## #..# .#
#...........######.### #.... .#
##.....####..##......##..##..
..............##...####....##
.................### ##....##
.................## ##......##
................@O####..........
...............†...##..##.......
......................## .......
.....................##.........
.......................
.........<.............
.......................
...................
......<........^.


You could see a two-headed ogre.

Vanquished Creatures
  Sigmund (D:2)
  Eustachio (D:6)
  3 steam dragons
  3 water moccasins
  A black bear (D:6)
  4 sky beasts
  2 orc warriors
  An ogre (D:4)
  The ghost of LowRida the Digger, an amateur GnEE (D:3)
  2 centaurs (D:6)
  A phantom (D:5)
  A kobold brigand (D:7)
  2 scorpions
  5 killer bees
  A howler monkey (D:8)
  Crazy Yiuf (D:2)
  3 hounds (D:6)
  4 orc priests
  A gnoll bouda (D:7)
  Jessica (D:2)
  4 iguanas
  Natasha (thrice) (D:2)
  6 orc wizards
  10 gnolls
  10 adders
  2 shadow imps (D:6)
  2 white imps (D:6)
  3 ufetubi
  A worm (D:3)
  4 dart slugs
  29 orcs
  6 bats
  4 endoplasms
  4 giant cockroaches
  8 goblins
  7 hobgoblins
  9 jackals
  10 kobolds
  3 quokkas
  3 training dummies (D:7)
  7 ball pythons
  6 rats (D:1)
180 creatures vanquished.

Vanquished Creatures (others)
  A kobold brigand (D:6)
  2 hobgoblins (D:4)
  A kobold (D:7)
  5 fungi (D:6)
9 creatures vanquished.

Grand Total: 189 creatures vanquished

Notes
Turn   | Place    | Note
-------+----------+-------------------------------------------
     0 | D:1      | HoaS the Gargoyle Hunter began the quest for the Orb.
     0 | D:1      | Reached XP level 1. HP: 12/12 MP: 1/1
   234 | D:1      | Reached XP level 2. HP: 17/17 MP: 2/2
   808 | D:1      | Reached XP level 3. HP: 21/21 MP: 3/3
   945 | D:2      | Reached skill level 5 in Ranged Weapons
  1122 | D:2      | Noticed Jessica
  1134 | D:2      | Killed Jessica
  1135 | D:2      | Reached XP level 4. HP: 26/26 MP: 4/4
  1338 | D:2      | Found a runed translucent door.
  1339 | D:2      | Noticed Crazy Yiuf
  1466 | D:2      | Noticed Natasha
  1471 | D:2      | Killed Natasha
  1472 | D:2      | Reached skill level 6 in Ranged Weapons
  1516 | D:2      | Noticed Sigmund
  1567 | D:3      | Reached XP level 5. HP: 30/30 MP: 5/5
  1675 | D:3      | Found a shadowy altar of Dithmenos.
  1722 | D:3      | Found Puah's Antique Armour Shoppe.
  2001 | D:3      | Found a runed translucent gate.
  2001 | D:3      | Found a runed translucent gate.
  2001 | D:3      | Found a runed translucent gate.
  2001 | D:3      | Noticed LowRida's ghost (amateur GnEE)
  2081 | D:3      | Reached skill level 7 in Ranged Weapons
  2081 | D:3      | Reached XP level 6. HP: 5/35 MP: 6/6
  2236 | D:3      | Identified the +3 leather armour "Tudd" {rPois}
  2475 | D:3      | Killed LowRida's ghost
  2582 | D:2      | Noticed Natasha
  2596 | D:2      | Killed Natasha
  3368 | D:2      | Killed Sigmund
  3369 | D:2      | Reached skill level 8 in Ranged Weapons
  3369 | D:2      | Reached XP level 7. HP: 14/40 MP: 7/7
  3430 | D:2      | Noticed Natasha
  3477 | D:2      | Killed Natasha
  3561 | D:2      | Killed Crazy Yiuf
  3969 | D:4      | Reached skill level 9 in Ranged Weapons
  4187 | D:4      | Found a shimmering altar of Xom.
  4262 | D:4      | Found Igheont's CLEARANCE SALE!.
  4548 | D:5      | Entered Level 5 of the Dungeon
  4575 | D:5      | Reached XP level 8. HP: 26/44 MP: 8/8
  4659 | D:4      | Reached skill level 10 in Ranged Weapons
  4740 | D:5      | Found a staircase to the Ecumenical Temple.
  4906 | Temple   | Entered the Ecumenical Temple
  5823 | D:5      | Found a white marble altar of Elyvilon.
  5825 | D:5      | Found a blossoming altar of Fedhas.
  5828 | D:5      | Found a stormy altar of Qazlal.
  5829 | D:5      | Found an ancient bone altar of Kikubaaqudgha.
  5829 | D:5      | Found an iron altar of Okawaru.
  5831 | D:5      | Found an ornate altar of the Wu Jian Council.
  5832 | D:5      | Found a sacrificial altar of Ru.
  5834 | D:5      | Found a radiant altar of Vehumet.
  5946 | D:6      | Found a bloodstained altar of Trog.
  6357 | D:6      | Reached skill level 11 in Ranged Weapons
  6456 | D:6      | Noticed Eustachio
  6491 | D:6      | Killed Eustachio
  6676 | D:6      | Found a hide-covered altar of Uskayaw.
  6732 | D:6      | Reached XP level 9. HP: 48/48 MP: 9/9
  6880 | D:6      | Reached skill level 12 in Ranged Weapons
  7793 | D:7      | Found Xeaghu's Firing Range.
  7807 | D:7      | Bought a +0 longbow for 65 gold pieces
  8058 | D:7      | Reached skill level 13 in Ranged Weapons
  8209 | D:7      | Identified the amulet "Yluef" {Spirit Fragile rF+ Stlth+}
  8394 | D:7      | Identified the +5 war axe of the Dancing Badger {pain,
                  | Str+4}
  8757 | D:8      | Noticed a two-headed ogre
  8976 | D:8      | Reached skill level 14 in Ranged Weapons
  9083 | D:8      | Reached XP level 10. HP: 53/53 MP: 10/10
  9243 | D:8      | Mangled by a two-headed ogre

Illustrated notes

Levels and vault maps discovered:
D:1:      dpeg_arrival_arbitrary_a, layout_basic, serial_park_tiny_1
D:2:      layout_loops_ring, uniq_natasha, uniq_jessica, uniq_sigmund,
          uniq_crazy_yiuf_cottage
D:3:      layout_loops_ring, grunt_dithmenos_smoke_and_mirrors, serial_shops,
          nicolae_diamond_shop, gammafunk_ghost_split
D:4:      layout_loops_ring, xom_confusion_cloud, nicolae_shop_clearance
D:5:      layout_loops_corners, minitemple, temple_fountains
D:6:      kennysheep_steamy, layout_cave_pods,
          mainiacjoe_overflow_surrounded_room, nicolae_uskayaw_suspiria,
          uniq_eustachio
D:7:      layout_basic, minmay_misc_feat_secret_circle,
          nicolae_shop_firing_range
D:8:      layout_layer_cave, zin_purify, marbit_many_paths
Temple:   hellmonk_temple_rainy

Skill      XL: |  1  2  3  4  5  6  7  8  9 |
---------------+----------------------------+-----
Ranged Weapons | 5 6 7 8 9 11 14 | 14.4
Fighting       | |  2.1
Dodging        | |  1.5
Stealth        | |  1.1

Action                     |  1- 3 |  4- 6 |  7- 9 | 10-12 || total
---------------------------+-------+-------+-------+-------++-------
   Fire: Shortbow          |    72 |   195 |   443 |       ||   710
         Longbow           |       |       |   178 |    28 ||   206
    Use: Scroll            |     4 |     2 |    12 |       ||    18
         Potion            |       |       |       |     1 ||     1
 Armour: Leather armour    |    17 |    49 |   200 |     6 ||   272
  Dodge: Dodged            |    32 |    54 |   205 |     2 ||   293
  Block: Other             |       |    12 |    98 |     1 ||   111
         Reflection        |       |     1 |     9 |       ||    10

Table legend: (Time is in decaauts)
 A = Elapsed time spent in this place.
 B = Non-inter-level travel time spent in this place.
 C = Inter-level travel time spent in this place.
 D = Time resting spent in this place.
 E = Time spent auto-exploring this place.
 F = Levels seen in this place.
 G = Mean time per level.
                   A        B        C        D        E       F      G
               +--------+--------+--------+--------+--------+-----+--------+
         Total |   9329 |   8993 |    336 |   2532 |   4634 |   9 | 1036.6 |
       Dungeon |   9305 |   8969 |    336 |   2532 |   4625 |   8 | 1163.1 |
        Temple |     23 |     23 |      0 |      0 |      9 |   1 |   23.0 |
               +--------+--------+--------+--------+--------+-----+--------+

Top non-repeatable levels by time:
     D:1: 1603 daAuts
     D:6: 1575 daAuts
     D:5: 1503 daAuts
     D:7: 1146 daAuts
     D:3: 1113 daAuts
     D:2: 1050 daAuts
     D:4: 959 daAuts
     D:8: 354 daAuts
  Temple: 23 daAuts
